 Dungeon Crawl Stone Soup version 0.30.1 (webtiles) character file.

Game seed: 16104728545710699274

17779 Graphine the Prestidigitator (level 12, -2/100 HPs)
             Began as a Human Hunter on July 9, 2023.
             Was an Elder of Uskayaw.
             Slain by a cane toad (12 damage)
             ... on level 3 of the Lair of Beasts.
             The game lasted 00:23:19 (9518 turns).

Graphine the Prestidigitator (Human Hunter)         Turns: 9518, Time: 00:23:20

Health: -2/100     AC:  9    Str: 11    XL:     12   Next: 86%
Magic:  21/21      EV: 20    Int: 10    God:    Uskayaw [****..]
Gold:   695        SH:  0    Dex: 22    Spells: 11/11 levels left

rFire   . . .        d - +2 arbalest (flame)
rCold   . . .        (shield currently unavailable)
rNeg    . . .        t - +2 troll leather armour {Pargi}
rPois   .            c - +2 hat
rElec   .            (no cloak)
rCorr   .            f - +0 pair of gloves
SInv    .            (no boots)
Will    .....        (no amulet)
Stlth   ++           p - ring of magical power
HPRegen 1.16/turn    (no ring)
MPRegen 0.17/turn

%: no passive effects
@: studying Evocations
A: no striking features
a: Renounce Religion, Stomp, Line Pass


You were on level 3 of the Lair of Beasts.
You worshipped Uskayaw.
Uskayaw was noncommittal.
You visited 3 branches of the dungeon, and saw 12 of its levels.

You collected 695 gold pieces.

Inventory:

Hand Weapons
 d - a +2 arbalest of flaming (weapon)
 q - the +8 whip "Fegyakke" {flame, *Corrode Fly rPois}
   (You found it on level 2 of the Dungeon)

   rPois:     It protects you from poison.
   Fly:       It grants you flight.
   *Corrode:  It may corrode you when you take damage.
Missiles
 r - a throwing net
Armour
 c - a +2 hat (worn)
 f - a +0 pair of gloves (worn)
 t - a +2 troll leather armour (worn) {Pargi}
Jewellery
 j - a ring of flight
 k - a ring of ice
 p - a ring of magical power (left hand)
 y - a +6 ring of dexterity
 B - an amulet of magic regeneration
Wands
 n - a wand of flame (29)
 u - a wand of digging (6)
 D - a wand of charming (4)
Scrolls
 a - 2 scrolls of magic mapping
 b - 4 scrolls of immolation
 e - 2 scrolls of teleportation
 h - 3 scrolls of amnesia
 s - 4 scrolls of fear
 w - 2 scrolls of fog
Potions
 i - a potion of resistance
 l - 2 potions of might
 m - 2 potions of ambrosia
 o - a potion of cancellation
 v - 3 potions of flight
 x - a potion of berserk rage
 z - 2 potions of haste
 A - a potion of lignification
 C - a potion of mutation
 F - a potion of degeneration {unknown}
Miscellaneous
 E - a phial of floods


   Skills:
 + Level 11.0 Fighting
 + Level 11.5 Ranged Weapons
 + Level 11.0 Dodging
 - Level 1.0 Stealth
 + Level 11.7 Evocations


You had 11 spell levels left.
You didn't know any spells.
Your spell library contained the following spells:

 Spells                   Type           Power      Damage    Failure   Level
 Apportation              Tloc           0%         N/A       45%         1
 Ensorcelled Hibernation  Hex/Ice        0%         N/A       58%         2
 Dazzling Flash           Conj/Hex       0%         N/A       83%         3
 Spider Form              Tmut/Pois      0%         N/A       83%         3
 Anguish                  Hex/Necr       0%         N/A       99%         4
 Summon Ice Beast         Ice/Summ       0%         N/A       99%         4
 Agony                    Necr           0%         N/A       100%        5
 Alistair's Intoxication  Tmut/Pois      0%         N/A       100%        5
 Silence                  Hex/Air        0%         N/A       100%        5
 Summon Forest            Summ/Tloc      0%         N/A       100%        5
 Summon Mana Viper        Hex/Summ       0%         N/A       100%        5
 Summon Cactus Giant      Summ           0%         N/A       100%        6
 Monstrous Menagerie      Summ           0%         N/A       100%        7


Dungeon Overview and Level Annotations

Branches:
Dungeon (8/15)             Temple (1/1) D:7            Lair (3/5) D:8
  Swamp (0/4) Lair:2        Snake (0/4) Lair:2

Altars:
Ashenzari
Cheibriados
Dithmenos
Elyvilon
Fedhas
Gozag
Hepliaklqana
Kikubaaqudgha
Makhleb
Nemelex Xobeh
Okawaru
Qazlal
Ru
Sif Muna
Trog
Uskayaw
Vehumet
Wu Jian
Yredelemnul
Zin
The Shining One

Shops:
D:8 *[:[*


Message History

You shoot a bolt. The bolt hits the cane toad.
The bolt burns the cane toad.
The cane toad is severely wounded.
The cane toad stings you.
* * * LOW HITPOINT WARNING * * *
The cane toad misses you.
Uskayaw will force your foes to share their pain.
Fire: d) +2 arbalest (flame)
Press: ? - help, Q - select action, (/) - cycle Shift-Dir - straight line, f/p - cane toad
Aim: a cane toad (severely wounded, 73% to hit)
You shoot a bolt. The bolt closely misses the cane toad.
The cane toad barely misses you.
Unknown command.
Fire: d) +2 arbalest (flame)
Press: ? - help, Q - select action, (/) - cycle Shift-Dir - straight line, f/p - cane toad
Aim: a cane toad (heavily wounded, 73% to hit)
You shoot a bolt. The bolt closely misses the cane toad.
The cane toad completely misses you. The cane toad barely misses you.
Unknown command.
Fire: d) +2 arbalest (flame)
Press: ? - help, Q - select action, (/) - cycle Shift-Dir - straight line, f/p - cane toad
Aim: a cane toad (heavily wounded, 73% to hit)
You shoot a bolt. The bolt barely misses the cane toad.
The cane toad barely misses you. The cane toad completely misses you.
Unknown command.
Fire: d) +2 arbalest (flame)
Press: ? - help, Q - select action, (/) - cycle Shift-Dir - straight line, f/p - cane toad
Aim: a cane toad (heavily wounded, 73% to hit)
You shoot a bolt. The bolt hits the cane toad.
The bolt burns the cane toad.
The cane toad is severely wounded.
The cane toad closely misses you.
Fire: d) +2 arbalest (flame)
Press: ? - help, Q - select action, (/) - cycle Shift-Dir - straight line, f/p - cane toad
Aim: a cane toad (severely wounded, 73% to hit)
You shoot a bolt. The bolt hits the cane toad!
The bolt burns the cane toad.
The cane toad is almost dead.
The cane toad stings you!!
* * * LOW HITPOINT WARNING * * *
The cane toad misses you.
You feel better. The cane toad stings you!
You die...

. # # #### # ###..## #
#.....#### #
###.......P#P# #
#.#..........# ####
##....@†...... ....
#......F...... ......##.
#..........:..
........###.............
........##..............
........###.............
........#.##............
..........##............
..........#..........


You could see a cane toad.

Vanquished Creatures
  Sonja (Lair:2)
  Amaemon (D:8)
  A skyshark (Lair:3)
  An oklob plant (Lair:1)
  2 black mambas
  9 elephants (Lair:2)
  An orange demon (D:8)
  6 cane toads
  5 komodo dragons
  2 rime drakes
  7 blink frogs
  7 yaks
  A wyvern (D:8)
  2 basilisks
  A naga (Lair:2)
  6 ice beasts
  7 water moccasins
  Pargi (D:3)
  8 black bears
  A sky beast (D:7)
  An ogre (D:4)
  8 wolves
  A centaur (D:6)
  2 phantoms (D:5)
  A kobold brigand (D:8)
  7 bullfrogs
  8 scorpions
  7 wights
  5 killer bees (D:7)
  5 hounds
  2 orc priests
  5 iguanas
  A jelly (D:7)
  A gnoll bouda (D:7)
  Natasha (thrice) (D:4)
  3 orc wizards
  4 gnolls (D:7)
  4 adders
  A shadow imp (D:5)
  An ufetubus (D:4)
  5 dart slugs
  15 orcs
  3 giant cockroaches
  5 goblins
  8 hobgoblins
  A jackal (D:5)
  2 quokkas
  12 ball pythons
  9 bats
  4 frilled lizards
  12 kobolds
  6 rats
222 creatures vanquished.

Notes
Turn   | Place    | Note
-------+----------+-------------------------------------------
     0 | D:1      | Graphine the Human Hunter began the quest for the Orb.
     0 | D:1      | Reached XP level 1. HP: 16/16 MP: 1/1
    44 | D:1      | Reached XP level 2. HP: 22/22 MP: 2/2
   323 | D:1      | Reached XP level 3. HP: 28/28 MP: 3/3
   776 | D:2      | Identified the +8 whip "Fegyakke" {flame, *Corrode Fly
                  | rPois}
   859 | D:2      | Found a stormy altar of Qazlal.
  1016 | D:3      | Noticed Pargi
  1028 | D:3      | Killed Pargi
  1029 | D:3      | Reached XP level 4. HP: 23/35 MP: 4/4
  1029 | D:3      | Reached XP level 5. HP: 27/41 MP: 5/5
  1272 | D:3      | Found a shadowy altar of Dithmenos.
  1437 | D:3      | Reached skill level 5 in Ranged Weapons
  2078 | D:3      | Identified a scroll of acquirement
  2078 | D:3      | Acquired a +1 arbalest of flaming
  2257 | D:4      | Reached XP level 6. HP: 42/48 MP: 6/6
  2286 | D:4      | Noticed an ogre
  2289 | D:4      | Killed an ogre
  2506 | D:4      | Reached XP level 7. HP: 54/54 MP: 7/7
  2521 | D:4      | Found a radiant altar of Vehumet.
  2889 | D:4      | Noticed Natasha
  2891 | D:4      | Killed Natasha
  3150 | D:4      | Noticed Natasha
  3153 | D:4      | Killed Natasha
  3221 | D:4      | Noticed Natasha
  3225 | D:4      | Killed Natasha
  3239 | D:5      | Entered Level 5 of the Dungeon
  3277 | D:5      | Reached skill level 5 in Fighting
  3277 | D:5      | Reached skill level 5 in Dodging
  3319 | D:5      | Reached XP level 8. HP: 62/62 MP: 8/8
  3544 | D:5      | Found a blossoming altar of Fedhas.
  3624 | D:5      | Found a broken altar of Ashenzari.
  4569 | D:6      | Reached XP level 9. HP: 70/70 MP: 9/9
  5058 | D:7      | Found a staircase to the Ecumenical Temple.
  5067 | Temple   | Entered the Ecumenical Temple
  5306 | Temple   | Became a worshipper of Uskayaw the Reveller
  5335 | D:7      | Reached * piety under Uskayaw
  5377 | D:7      | Found a glowing silver altar of Zin.
  5380 | D:7      | Reached ** piety under Uskayaw
  5454 | D:7      | Reached skill level 1 in Evocations
  5544 | D:7      | Reached *** piety under Uskayaw
  5546 | D:7      | Reached **** piety under Uskayaw
  5553 | D:7      | Reached ***** piety under Uskayaw
  5986 | D:7      | Reached XP level 10. HP: 79/79 MP: 10/10
  6250 | D:8      | Noticed an orange demon
  6257 | D:8      | Killed an orange demon
  6259 | D:8      | Noticed a komodo dragon
  6268 | D:8      | Found Duthyotz's Book Shop.
  6284 | D:8      | Killed a komodo dragon
  6285 | D:8      | Reached skill level 5 in Evocations
  6375 | D:8      | Found Zyunkih's General Store.
  6390 | D:8      | Found an opulent altar of Gozag.
  6544 | D:8      | Noticed Amaemon
  6562 | D:8      | Killed Amaemon
  6642 | D:8      | Noticed a komodo dragon
  6649 | D:8      | Killed a komodo dragon
  6661 | D:8      | Found a sparkling altar of Nemelex Xobeh.
  6682 | D:8      | Found a staircase to the Lair.
  6783 | D:8      | Reached XP level 11. HP: 79/87 MP: 11/11
  6809 | D:8      | Found Geddorop's Antique Armour Shoppe.
  6842 | D:8      | Found Jeylet's Antique Armour Boutique.
  6971 | D:8      | Found Benotae's Assorted Antiques.
  7143 | Lair:1   | Entered Level 1 of the Lair of Beasts
  7292 | Lair:1   | Reached skill level 10 in Ranged Weapons
  7741 | Lair:1   | Identified the +4 whip of Youthful Indiscretion {freeze,
                  | rC+ Dex+2}
  7748 | Lair:1   | Noticed an oklob plant
  7763 | Lair:1   | Killed an oklob plant
  8305 | Lair:2   | Found a staircase to the Snake Pit.
  8412 | Lair:2   | Found a staircase to the Swamp.
  8451 | Lair:2   | Noticed an elephant
  8458 | Lair:2   | Killed an elephant
  8465 | Lair:2   | Noticed an elephant
  8466 | Lair:2   | Noticed an elephant
  8473 | Lair:2   | Killed an elephant
  8474 | Lair:2   | Noticed an elephant
  8481 | Lair:2   | Noticed an elephant
  8482 | Lair:2   | Killed an elephant
  8483 | Lair:2   | Reached skill level 10 in Fighting
  8483 | Lair:2   | Noticed an elephant
  8488 | Lair:2   | Killed an elephant
  8489 | Lair:2   | Reached skill level 10 in Dodging
  8489 | Lair:2   | Reached XP level 12. HP: 29/97 MP: 11/12
  8495 | Lair:2   | Reached skill level 10 in Evocations
  8714 | Lair:2   | Noticed Sonja
  8723 | Lair:2   | Killed Sonja
  8943 | Lair:2   | Identified the +0 quarterstaff of the Endless Expanse
                  | {holy, *Noise rElec rPois Will+}
  9364 | Lair:3   | Noticed a skyshark
  9372 | Lair:3   | Killed a skyshark
  9517 | Lair:3   | HP: 3/100 [cane toad (20)]
  9518 | Lair:3   | Slain by a cane toad

Illustrated notes

Levels and vault maps discovered:
D:1:      lightli_arrival_boilingwater, layout_rooms, minivault_4,
          chequers_arboretum, serial_bayou_pond_d, kennysheep_small_spiral
D:2:      layout_rooms, basic_altar
D:3:      layout_basic, lemuel_crystal_altar, lexackson_kobold_supper,
          uniq_pargi
D:4:      layout_basic, vehumet_crystals, serial_co_window_serial,
          co_window_cross_1, co_window_of_opportunity_a,
          co_window_of_opportunity_a, co_window_paths_b, co_window_paths_b,
          co_window_corner_ca, co_window_paths_c, co_window_corner_b,
          co_window_broadway_c, co_window_broadway_b,
          co_window_of_opportunity_c, co_window_corner_cb, glass_columns_b,
          glass_columns_a, glass_columns_a, glass_columns_a, uniq_natasha
D:5:      minmay_evil_eye, layout_basic, fedhas_altar_4, old_standard_altar
D:6:      layout_rooms, serial_glass, glass_columns_b, glass_columns_a,
          minmay_statues_item
D:7:      layout_loops_corners, lemuel_round_altar,
          minmay_temple_entry_mini_moons, minmay_manual_monstrance
D:8:      minmay_klotski, layout_basic, nemelex_xobeh_ov_fountains_minmay,
          grunt_gozag_breadcrumbs, due_lair_maze_entry_diamond, serial_shops,
          shop, shop, nicolae_shop_waterfront, shop, shop, minmay_hedge_maze,
          uniq_amaemon
Temple:   dpeg_chambers_temple
Lair:1:   layout_cave_shapes, chequers_serial_rivers_micro_b,
          minmay_lair_oklob_items, lemuel_old_faithful, serial_bayou_shore_b,
          grunt_megastairs_4
Lair:2:   layout_long_grid, swamp_mist, guppyfry_snake_entry_island,
          chequers_serial_rivers_micro_c, beast_lair_carwin_8,
          grunt_megastairs_3, uniq_sonja
Lair:3:   layout_cave_pods

Skill      XL: |  1  2  3  4  5  6  7  8  9 10 11 12 |
---------------+-------------------------------------+-----
Fighting       | 3 4 5 6 7 8 10 11 | 11.0
Dodging        | 3 4 5 6 7 8 10 11 | 11.0
Ranged Weapons | 5 6 7 8 9 10 11 | 11.5
Evocations     | 3 7 9 11 | 11.7
Stealth        | |  1.0

Action                     |  1- 3 |  4- 6 |  7- 9 | 10-12 || total
---------------------------+-------+-------+-------+-------++-------
  Melee: Whip              |     6 |     5 |       |     5 ||    16
   Fire: Shortbow          |   121 |    42 |       |       ||   163
         Arbalest          |       |    19 |   152 |   358 ||   529
 Invoke: Stomp             |       |       |       |    15 ||    15
         Line Pass         |       |       |       |     1 ||     1
    Use: Scroll            |     3 |    10 |     5 |     9 ||    27
         Potion            |       |       |       |     5 ||     5
 Armour: Leather armour    |    16 |       |       |       ||    16
         Troll leather arm |       |     5 |    35 |    87 ||   127
  Dodge: Dodged            |    43 |    10 |    76 |   316 ||   445
